 Dungeon Crawl Stone Soup version 0.30-a0-341-g682706514a (webtiles) character file.

Game seed: 17630308876936491555

15358 retardedninja the Cleaver (level 12, -8/113 HPs)
             Began as a Hill Orc Fighter on Nov 3, 2022.
             Was an Initiate of Gozag.
             Mangled by a boulder beetle (14 damage)
             ... on level 12 of the Dungeon on Nov 4, 2022.
             The game lasted 00:20:27 (15320 turns).

retardedninja the Cleaver (Hill Orc Fighter)       Turns: 15320, Time: 00:20:28

Health: -8/113     AC: 36    Str: 24    XL:     12   Next: 26%
Magic:  12/12      EV:  5    Int:  8    God:    Gozag
Gold:   108        SH: 15    Dex: 10    Spells: 11/11 levels left

rFire   . . .      SeeInvis .    a - +4 war axe (protect)
rCold   . . .      Faith    .    m - +0 tower shield
rNeg    . . .      Spirit   .    E - +4 plate armour
rPois   .          Reflect  .    I - +0 helmet
rElec   .          Harm     .    f - +0 cloak
rCorr   .          Rampage  .    A - +0 pair of gloves
Will    .....                    d - +0 pair of boots
Stlth   ..........               (no amulet)
HPRegen 0.38/turn                l - +4 ring of protection
MPRegen 0.13/turn                (no ring)

@: gold aura, under a protective aura, on berserk cooldown, slowed, studying
Axes, very slow
A: no striking features
a: Renounce Religion, Potion Petition, Call Merchant, Bribe Branch


You were on level 12 of the Dungeon.
You worshipped Gozag.
Gozag was aware of your devotion.
You visited 2 branches of the dungeon, and saw 13 of its levels.

You collected 1401 gold pieces.
You spent 1120 gold pieces at shops.
You paid 173 gold pieces to Gozag.

Inventory:

Hand Weapons
 a - a +4 war axe of protection (weapon)
Armour
 d - a +0 pair of boots (worn)
 f - a +0 cloak (worn)
 m - a +0 tower shield (worn)
 A - a +0 pair of gloves (worn)
 E - a +4 plate armour (worn)
 I - a +0 helmet (worn)
Jewellery
 c - a +4 ring of slaying
 l - a +4 ring of protection (left hand)
 p - a ring of poison resistance
 G - an amulet of magic regeneration
Wands
 h - a wand of iceblast (5)
 k - a wand of flame (4)
 q - a wand of polymorph (1)
 C - a wand of mindburst (12)
Scrolls
 e - 5 scrolls of identify
 g - 2 scrolls of butterflies
 j - 3 scrolls of blinking
 n - 2 scrolls of noise
 o - 3 scrolls of magic mapping
 t - 6 scrolls of teleportation
 y - 3 scrolls of amnesia
 z - a scroll of poison
Potions
 b - 2 potions of brilliance
 i - a potion of might
 r - a potion of mutation
 s - a potion of heal wounds
 w - a potion of magic
 x - 3 potions of degeneration
 B - 2 potions of lignification
 D - a potion of curing


   Skills:
 + Level 12.3 Fighting
 + Level 13.1 Axes
 + Level 11.3 Armour
 + Level 11.3 Shields


You had 11 spell levels left.
You didn't know any spells.
Your spell library contained the following spells:

 Spells                   Type           Power      Damage    Failure   Level
 Ensorcelled Hibernation  Hex/Ice        0%         N/A       100%        2
 Passwall                 Tmut/Erth      0%         N/A       100%        2
 Dazzling Flash           Conj/Hex       0%         N/A       100%        3
 Gell's Gravitas          Tloc           0%         N/A       100%        3
 Swiftness                Air            0%         N/A       100%        3
 Teleport Other           Tloc           0%         N/A       100%        3
 Iskenderun's Mystic Bla  Conj/Tloc      0%         2d3       100%        4
 Petrify                  Tmut/Erth      0%         N/A       100%        4
 Metabolic Englaciation   Hex/Ice        0%         N/A       100%        5
 Dispersal                Tloc           0%         N/A       100%        6
 Starburst                Conj/Fire      0%         6d3       100%        6
 Statue Form              Tmut/Erth      0%         N/A       100%        6


Dungeon Overview and Level Annotations

Branches:
Dungeon (12/15)            Temple (1/1) D:5            Lair (0/5) D:11
    Orc (0/2) D:10

Altars:
Ashenzari
Elyvilon
Fedhas
Gozag
Hepliaklqana
Kikubaaqudgha
Makhleb
Nemelex Xobeh
Okawaru
Ru
Sif Muna
Trog
Vehumet
Wu Jian
Xom
Yredelemnul
Zin
The Shining One

Shops:
D:1 !   D:4 *   D:12 ::

Annotations:
D:2 1 runed translucent door, Crazy Yiuf
D:4 3 runed translucent doors, oldriver's ghost, novice OgTm
D:11 exclusion: 2 statues


Message History

Unknown command.
The deep elf pyromancer is distracted by your dazzling golden aura.
You see here 14 gold pieces.
Unknown command.
You closely miss the fire elemental.
The fire elemental is no longer distracted by gold.
Unknown command.
The deep elf pyromancer shouts!
You hit the fire elemental.
The fire elemental is lightly damaged.
You hit the boulder beetle.
You are no longer berserk.
You are exhausted.
You feel yourself slow down. The fire elemental hits you.
The fire elemental burns you! You block the boulder beetle's attack.
The boulder beetle stops rolling and uncurls.
You barely miss the fire elemental.
The fire elemental is lightly damaged.
You hit the boulder beetle but do no damage.
The deep elf pyromancer is no longer distracted by gold.
The fire elemental hits you. The fire elemental burns you!
You block the boulder beetle's attack. The fire elemental hits you.
The fire elemental burns you!
You slash the fire elemental!
The fire elemental is heavily damaged.
You completely miss the boulder beetle. The fire elemental hits you.
The fire elemental burns you! You block the boulder beetle's attack.
The deep elf pyromancer gestures at you while chanting.
The bolt of fire hits the fire elemental.
The fire elemental completely resists.
The bolt of fire misses you.
The fire elemental is distracted by your dazzling golden aura.
The deep elf pyromancer gestures at you while chanting.
The bolt of fire hits the fire elemental.
The fire elemental completely resists.
The fire elemental is no longer distracted by gold.
The bolt of fire hits you!!
* * * LOW HITPOINT WARNING * * *
The boulder beetle bites you!
You die...
Your body crumbles into a pile of gold.

#.# #.......# #.#
#...[...#
#######.#########........
........................#
########.########.......#
#.# #.......# #.#
#.......# #.# ####.####
#@# # ..# #.....EB..#
###..###
#...............#######
..........#####....>...<
.#........# #.........
#.....e..# #.........
#........# #.........
#........# #.........
#.####.###


You could see a boulder beetle, a deep elf pyromancer and a fire elemental
(summoned).

Vanquished Creatures
  Josephine (D:10)
  A centaur warrior (D:9)
  4 two-headed ogres
  Pikel (D:7)
  An ugly thing (D:11)
  Joseph (D:9)
  Psyche (D:10)
  A kobold demonologist (D:11)
  An efreet (D:9)
  2 trolls
  4 slime creatures (D:12)
  7 yaks
  2 shadows (D:12)
  A wyvern (D:9)
  7 wraiths
  2 basilisks
  2 steam dragons (D:9)
  2 acid dragons
  2 wargs (D:10)
  2 water moccasins
  3 black bears
  7 orc warriors
  An ice beast (D:7)
  A boggart (D:9)
  10 centaurs
  A phantom (D:4)
  3 kobold brigands
  3 bullfrogs
  2 gnoll sergeants
  4 scorpions
  18 wights
  10 killer bees
  7 howler monkeys
  A lava snake (D:9)
  3 hounds
  5 orc priests
  Terence (D:2)
  3 orc wizards
  5 iguanas
  8 gnolls
  6 adders
  A white imp (D:7)
  2 worms (D:2)
  2 dart slugs
  38 orcs
  4 ball pythons
  3 endoplasms
  2 giant cockroaches
  3 goblins
  4 hobgoblins
  8 jackals (D:2)
  4 quokkas
  5 bats
  4 frilled lizards
  17 kobolds
  7 rats
251 creatures vanquished.

Vanquished Creatures (others)
  2 bushes (D:9)
  5 plants (D:1)
  7 withered plants (D:1)
14 creatures vanquished.

Grand Total: 265 creatures vanquished

Notes
Turn   | Place    | Note
-------+----------+-------------------------------------------
     0 | D:1      | retardedninja the Hill Orc Fighter began the quest for the
                  | Orb.
     0 | D:1      | Reached XP level 1. HP: 19/19 MP: 1/1
   144 | D:1      | Reached skill level 3 in Axes
   144 | D:1      | Reached XP level 2. HP: 27/27 MP: 2/2
   288 | D:1      | Found Wyinonwu's Distillery.
   529 | D:1      | Found a faded altar of an unknown god.
   804 | D:2      | Noticed Terence
   814 | D:2      | Killed Terence
   815 | D:2      | Reached XP level 3. HP: 23/33 MP: 3/3
  1176 | D:2      | Reached XP level 4. HP: 38/40 MP: 4/4
  1450 | D:2      | Found a runed translucent door.
  1451 | D:2      | Noticed Crazy Yiuf
  1949 | D:3      | Found an iron altar of Okawaru.
  2355 | D:3      | Found an ornate altar of the Wu Jian Council.
  2433 | D:4      | Reached skill level 4 in Axes
  2443 | D:4      | Noticed a black bear
  2450 | D:4      | Killed a black bear
  2451 | D:4      | Reached XP level 5. HP: 47/47 MP: 5/5
  2468 | D:4      | Noticed a phantom
  2477 | D:4      | Killed a phantom
  2478 | D:4      | Reached skill level 5 in Fighting
  2478 | D:4      | Reached XP level 6. HP: 52/56 MP: 6/6
  2550 | D:4      | Found Uhasem's Assorted Antiques.
  2655 | D:4      | Found a runed translucent gate.
  2655 | D:4      | Found a runed translucent gate.
  2656 | D:4      | Found a runed translucent gate.
  2656 | D:4      | Noticed oldriver's ghost (novice OgTm)
  3117 | D:5      | Entered Level 5 of the Dungeon
  3127 | D:5      | Noticed a black bear
  3136 | D:5      | Killed a black bear
  3137 | D:5      | Reached skill level 5 in Axes
  3405 | D:5      | Found a staircase to the Ecumenical Temple.
  3412 | D:5      | Reached skill level 5 in Armour
  3412 | D:5      | Reached skill level 5 in Shields
  3412 | D:5      | Reached XP level 7. HP: 59/61 MP: 7/7
  3643 | D:5      | Reached skill level 6 in Axes
  3645 | D:5      | Found a glowing golden altar of the Shining One.
  3923 | D:6      | Reached XP level 8. HP: 71/71 MP: 8/8
  4055 | D:6      | Found an ancient bone altar of Kikubaaqudgha.
  4541 | D:7      | Reached skill level 7 in Axes
  4572 | D:7      | Found a shimmering altar of Xom.
  4729 | D:7      | Noticed a troll
  4740 | D:7      | Killed a troll
  4875 | D:7      | Found a hazy altar of Hepliaklqana.
  5003 | D:7      | Reached XP level 9. HP: 16/70 MP: 9/9
  5013 | D:7      | Reached skill level 8 in Axes
  5459 | D:7      | Noticed Pikel
  5475 | D:7      | Killed Pikel
  6252 | D:8      | Reached skill level 9 in Axes
  7151 | D:8      | Reached XP level 10. HP: 56/91 MP: 10/10
  7974 | D:8      | Found a white marble altar of Elyvilon.
  8021 | D:8      | Found a bloodstained altar of Trog.
  8558 | D:9      | Reached skill level 10 in Axes
  8836 | D:8      | Found a basalt altar of Yredelemnul.
  8899 | D:8      | Found a sparkling altar of Nemelex Xobeh.
  9449 | D:9      | Found a blossoming altar of Fedhas.
  9555 | Temple   | Entered the Ecumenical Temple
  9612 | Temple   | Became a worshipper of Gozag Ym Sagoz the Greedy
  9825 | D:9      | Found a shimmering blue altar of Sif Muna.
  9858 | D:9      | Reached skill level 10 in Fighting
  9889 | D:9      | Noticed a two-headed ogre
 10735 | D:9      | Noticed a two-headed ogre
 10742 | D:9      | Killed a two-headed ogre
 10751 | D:9      | Killed a two-headed ogre
 10752 | D:9      | Reached skill level 11 in Axes
 10752 | D:9      | Reached XP level 11. HP: 67/101 MP: 11/11
 11296 | D:9      | Noticed a centaur warrior
 11838 | D:9      | Killed a centaur warrior
 11918 | D:9      | Reached skill level 10 in Armour
 11918 | D:9      | Found a burning altar of Makhleb.
 11977 | D:9      | Noticed Joseph
 11985 | D:9      | Killed Joseph
 11986 | D:9      | Reached skill level 10 in Shields
 12358 | D:10     | Entered Level 10 of the Dungeon
 12383 | D:10     | Noticed a two-headed ogre
 12392 | D:10     | Killed a two-headed ogre
 12678 | D:10     | Noticed Josephine
 12704 | D:10     | Killed Josephine
 12710 | D:10     | Reached skill level 12 in Axes
 12974 | D:10     | Found a glowing silver altar of Zin.
 13119 | D:10     | Noticed Psyche
 13535 | D:10     | Killed Psyche
 13690 | D:10     | Identified the +1 plate armour of Magic {Int+3}
 13693 | D:10     | Found a staircase to the Orcish Mines.
 13920 | D:11     | Found a staircase to the Lair.
 13947 | D:11     | Noticed a brown ugly thing
 13959 | D:11     | Killed a brown ugly thing
 14021 | D:11     | Reached XP level 12. HP: 97/112 MP: 12/12
 14321 | D:11     | Noticed a two-headed ogre
 14333 | D:11     | Killed a two-headed ogre
 14788 | D:12     | Found Ifymeuzi's Book Shoppe.
 15172 | D:12     | Reached skill level 13 in Axes
 15202 | D:12     | Found Ceusyeh's Book Boutique.
 15231 | D:12     | Bought a manual of Axes for 1120 gold pieces
 15288 | D:12     | Noticed a boulder beetle
 15320 | D:12     | Mangled by a boulder beetle

Illustrated notes

Levels and vault maps discovered:
D:1:      tarquinn_simple_flora_water_a, layout_loops_ring,
          shapermc_ecumenical_altar_flowoftime, serial_shops,
          nicolae_shop_advertising_works [nicolae_subvault_shop_adworks]
D:2:      layout_loops_ring, uniq_crazy_yiuf_cottage, uniq_terence
D:3:      layout_loops_ring, nzn_wu_jian_council_hall, marbit_many_paths
D:4:      layout_loops_ring, ebering_ghost_rock_garden, serial_shops,
          kennysheep_mini
D:5:      layout_rooms, general_overflow_altar, minmay_temple_entry_mist
D:6:      layout_loops_ring, old_standard_altar
D:7:      layout_basic, mainiacjoe_overflow_tiny_flanked,
          mainiacjoe_overflow_paths, uniq_pikel
D:8:      layout_rooms, kennysheep_ying_yang, lemuel_doored_altar,
          lemuel_tele_altar
D:9:      kennysheep_big_flooded_room, layout_basic,
          fedhas_bush_and_centaur_altar, bloody_makhleb, lemuel_blue_sif_altar,
          uniq_joseph
D:10:     layout_loops_ring, kennysheep_little_box, david_orc_1_choice,
          uniq_psyche, uniq_josephine
D:11:     layout_small_grid, lair_entry_dummy, minmay_dual_archer_statues
D:12:     layout_roguey, serial_shops, nicolae_square_shop, shop_coins, shop,
          shop, shop, vehumet_statue
Temple:   hellmonk_temple_flake

Skill      XL: |  1  2  3  4  5  6  7  8  9 10 11 12 |
---------------+-------------------------------------+-----
Axes           | 3 4 5 6 7 9 11 12 13 | 13.1
Fighting       | 4 5 6 7 9 10 11 12 | 12.3
Shields        | 4 5 6 8 9 10 11 | 11.3
Armour         | 4 5 6 8 9 10 11 | 11.3

Action                   |  1- 3 |  4- 6 |  7- 9 | 10-12 || total
-------------------------+-------+-------+-------+-------++-------
Melee: War axe           |    88 |   141 |   298 |   506 ||  1033
       Unarmed           |       |       |       |    17 ||    17
  Use: Potion            |       |     1 |     5 |     5 ||    11
       Scroll            |       |       |       |    29 ||    29
 Stab: Distracted        |       |       |       |     2 ||     2
       Invisible         |       |       |       |     2 ||     2
Armor: Scale mail        |    34 |       |       |       ||    34
       Chain mail        |    17 |    92 |    20 |       ||   129
       Plate armour      |       |       |   246 |   368 ||   614
Dodge: Dodged            |    37 |    56 |    83 |    90 ||   266
Block: Buckler           |    22 |    30 |    37 |       ||    89
       Tower shield      |       |       |   198 |   434 ||   632

Table legend: (Time is in decaauts)
 A = Elapsed time spent in this place.
 B = Non-inter-level travel time spent in this place.
 C = Inter-level travel time spent in this place.
 D = Time resting spent in this place.
 E = Time spent auto-exploring this place.
 F = Levels seen in this place.
 G = Mean time per level.
                   A        B        C        D        E       F      G
               +--------+--------+--------+--------+--------+-----+--------+
         Total |  15602 |  15101 |    501 |   5801 |   6669 |  13 | 1200.2 |
       Dungeon |  15533 |  15052 |    481 |   5801 |   6626 |  12 | 1294.4 |
        Temple |     68 |     49 |     19 |      0 |     43 |   1 |   68.0 |
               +--------+--------+--------+--------+--------+-----+--------+

Top non-repeatable levels by time:
     D:7: 3152 daAuts
     D:8: 2529 daAuts
     D:9: 2516 daAuts
    D:10: 1106 daAuts
    D:11: 990 daAuts
     D:2: 859 daAuts
     D:5: 828 daAuts
     D:1: 827 daAuts
     D:3: 778 daAuts
     D:4: 726 daAuts
     D:6: 673 daAuts
    D:12: 545 daAuts
  Temple: 68 daAuts
